General information
- name: BNet
- type: Ladder team game (AT/RT)
- host: Battle.net
- saver: WesFSTGDB
map: LostTemple
- players: 4
- length: 26:15
- speed: Fast
- version: 1.25 W3XP
- replay type: Public
» download(179 KB)
Players
team 1 (loser)
KarlH.Ungus (
orange | 162 APM | 4239 actions | 26:14)
4 Death Knight
2 Death Coil
1 Unholy Aura
1 Death Pact
3 Lich
2 Frost Nova
1 Dark Ritual
» actions
| Assign group hotkey | 88 | |
| Basic commands | 14 | |
| Build / train | 71 | |
| ESC pressed | 6 | |
| Enter build submenu | 21 | |
| Enter hero's abilities submenu | 7 | |
| Give item / drop item | 4 | |
| Right click | 1384 | |
| Select / deselect | 440 | |
| Select group hotkey | 2101 | |
| Use ability | 103 | |
4239 total
» units
| Acolyte | 12 | |
| Ghoul | 5 | |
| Crypt Fiend | 16 | |
| Obsidian Statue | 4 | |
| Banshee | 7 | |
44 total
» upgrades
| Creature Attack | 2 | |
| Burrow | 1 | |
| Banshee Training | 2 | |
| Web | 1 | |
| Destroyer Form | 1 | |
7 total
» buildings
| Graveyard | 1 | |
| Crypt | 1 | |
| Altar of Darkness | 1 | |
| Ziggurat | 5 | |
| Tomb of Relics | 1 | |
| Halls of the Dead | 2 | |
| Slaughterhouse | 2 | |
| Temple of the Damned | 2 | |
| Black Citadel | 1 | |
| Necropolis | 1 | |
| Sacrificial Pit | 1 | |
| Boneyard | 2 | |
20 total
» build order
00:06 Graveyard
00:09 Crypt
00:38 Altar of Darkness
01:04 Ziggurat
01:30 Tomb of Relics
02:06 Ziggurat
03:25 Halls of the Dead
03:58 Ziggurat
07:53 Slaughterhouse
08:10 Ziggurat
11:05 Temple of the Damned
12:51 Black Citadel
17:11 Necropolis
18:01 Slaughterhouse
19:08 Ziggurat
20:49 Sacrificial Pit
21:25 Temple of the Damned
21:42 Boneyard
21:42 Boneyard
» items
| Rod of Necromancy | 2 | |
| Dust of Appearance | 1 | |
| Potion of Healing | 1 | |
| Orb of Corruption | 2 | |
| Scroll of Healing | 1 | |
| Scroll of Town Portal | 1 | |
8 total
MANDINGO. (
purple | 102 APM | 2583 actions | 25:14)
5 Blademaster
2 Wind Walk
3 Critical Strike
1 Tauren Chieftain
1 War Stomp
» actions
| Assign group hotkey | 61 | |
| Build / train | 69 | |
| Enter build submenu | 19 | |
| Enter hero's abilities submenu | 6 | |
| Remove unit from queue | 4 | |
| Right click | 1926 | |
| Select / deselect | 373 | |
| Select group hotkey | 45 | |
| Use ability | 80 | |
2583 total
» units
| Peon | 9 | |
| Grunt | 8 | |
| Raider | 13 | |
| Spirit Walker | 4 | |
| Demolisher | 3 | |
| Troll Batrider | 2 | |
| Tauren | 1 | |
40 total
» upgrades
| Melee Weapons | 2 | |
| Berserker Strength | 1 | |
| Ensnare | 1 | |
| Armor | 2 | |
| Spirit Walker Training | 2 | |
| Burning Oil | 1 | |
9 total
» buildings
| Altar of Storms | 1 | |
| Orc Burrow | 5 | |
| Barracks | 1 | |
| Voodoo Lounge | 1 | |
| Stronghold | 2 | |
| War Mill | 1 | |
| Spirit Lodge | 1 | |
| Beastiary | 1 | |
| Fortress | 1 | |
| Watch Tower | 2 | |
| Tauren Totem | 1 | |
17 total
» build order
00:09 Altar of Storms
00:14 Orc Burrow
00:30 Barracks
01:42 Orc Burrow
01:57 Voodoo Lounge
03:02 Stronghold
03:58 Orc Burrow
04:02 War Mill
06:21 Spirit Lodge
06:26 Beastiary
10:34 Orc Burrow
13:46 Fortress
15:16 Watch Tower
15:26 Orc Burrow
17:08 Watch Tower
19:05 Tauren Totem
» items
| Potion of Healing | 1 | |
| Orb of Lightning | 1 | |
| Healing Salve | 1 | |
| Lesser Clarity Potion | 1 | |
| Scroll of Town Portal | 1 | |
5 total
team 2 (winner)

»
georgetakei (
green | 114 APM | 2991 actions | 26:14)
5 Death Knight
3 Death Coil
2 Unholy Aura
5 Lich
3 Frost Nova
2 Frost Armor
1 Dreadlord
1 Sleep
» actions
| Assign group hotkey | 32 | |
| Basic commands | 1 | |
| Build / train | 101 | |
| Enter build submenu | 24 | |
| Enter hero's abilities submenu | 11 | |
| Give item / drop item | 1 | |
| Remove unit from queue | 7 | |
| Right click | 1988 | |
| Select / deselect | 559 | |
| Select group hotkey | 101 | |
| Use ability | 166 | |
2991 total
» units
| Acolyte | 10 | |
| Ghoul | 12 | |
| Crypt Fiend | 17 | |
39 total
» upgrades
» buildings
| Crypt | 4 | |
| Graveyard | 1 | |
| Altar of Darkness | 2 | |
| Ziggurat | 8 | |
| Tomb of Relics | 1 | |
| Spirit Tower | 5 | |
| Nerubian Tower | 4 | |
| Halls of the Dead | 1 | |
| Black Citadel | 1 | |
| Slaughterhouse | 1 | |
28 total
» build order
00:10 Crypt
00:15 Graveyard
00:45 Altar of Darkness
01:00 Ziggurat
01:34 Tomb of Relics
02:03 Ziggurat
04:19 Ziggurat
04:21 Ziggurat
05:11 Spirit Tower
05:11 Spirit Tower
05:13 Nerubian Tower
05:13 Nerubian Tower
05:33 Ziggurat
05:46 Halls of the Dead
06:14 Nerubian Tower
06:45 Spirit Tower
07:55 Ziggurat
08:26 Black Citadel
11:30 Crypt
13:03 Crypt
13:06 Crypt
18:14 Slaughterhouse
23:32 Altar of Darkness
23:33 Ziggurat
24:06 Ziggurat
25:42 Nerubian Tower
25:43 Spirit Tower
» items
| Rod of Necromancy | 5 | |
| Sacrificial Skull | 1 | |
| Scroll of Town Portal | 4 | |
| Potion of Mana | 9 | |
| Orb of Corruption | 1 | |
| Scroll of Healing | 3 | |
| Potion of Healing | 2 | |
| Dust of Appearance | 4 | |
29 total
WesFSTGDB (
yellow | 111 APM | 2910 actions | 26:15)
5 Death Knight
3 Death Coil
2 Unholy Aura
4 Lich
2 Frost Nova
2 Frost Armor
» actions
| Assign group hotkey | 28 | |
| Basic commands | 912 | |
| Build / train | 78 | |
| ESC pressed | 1 | |
| Enter build submenu | 22 | |
| Enter hero's abilities submenu | 10 | |
| Remove unit from queue | 1 | |
| Right click | 864 | |
| Select / deselect | 428 | |
| Select group hotkey | 472 | |
| Use ability | 94 | |
2910 total
» units
| Acolyte | 2 | |
| Ghoul | 2 | |
| Crypt Fiend | 18 | |
| Obsidian Statue | 2 | |
| Frost Wyrm | 4 | |
28 total
» upgrades
| Creature Attack | 3 | |
| Web | 1 | |
| Creature Carapace | 1 | |
5 total
» buildings
| Graveyard | 1 | |
| Crypt | 1 | |
| Altar of Darkness | 1 | |
| Ziggurat | 5 | |
| Tomb of Relics | 1 | |
| Nerubian Tower | 5 | |
| Halls of the Dead | 2 | |
| Slaughterhouse | 1 | |
| Black Citadel | 3 | |
| Sacrificial Pit | 1 | |
| Boneyard | 2 | |
23 total
» build order
00:20 Graveyard
00:23 Crypt
00:48 Altar of Darkness
01:01 Ziggurat
01:38 Tomb of Relics
01:58 Nerubian Tower
01:59 Nerubian Tower
01:59 Nerubian Tower
02:15 Ziggurat
03:49 Halls of the Dead
03:49 Halls of the Dead
04:09 Ziggurat
07:42 Slaughterhouse
08:18 Black Citadel
08:19 Black Citadel
10:42 Sacrificial Pit
12:02 Boneyard
12:55 Boneyard
13:29 Ziggurat
13:29 Ziggurat
» items
| Rod of Necromancy | 1 | |
| Potion of Healing | 7 | |
| Scroll of Town Portal | 3 | |
| Scroll of Healing | 4 | |
| Orb of Corruption | 1 | |
| Potion of Lesser Invulnerability | 1 | |
17 total
Chat log
(00:14 / All) KarlH.Ungus: STUPID FUCKS!!!!!!!!!!!
(00:24 / All) MANDINGO.: MANDINGO
(00:26 / Allies) georgetakei: mh
(00:27 / All) KarlH.Ungus: STUPID FUCKS!!!!!!!!!!!
(00:31 / Allies) georgetakei: mhmm*
(00:33 / All) KarlH.Ungus: STUPID FUCKS!!!!!!!!!!!
(00:35 / All) KarlH.Ungus: STUPID FUCKS!!!!!!!!!!!
(00:46 / All) KarlH.Ungus: STUPID FUCKS!!!!!!!!!!!
(00:49 / All) KarlH.Ungus: STUPID FUCKS!!!!!!!!!!!
(00:50 / All) KarlH.Ungus: STUPID FUCKS!!!!!!!!!!!
(01:01 / All) KarlH.Ungus: FUCKING GEEKS
(01:06 / Allies) georgetakei: i cant remember
(01:09 / Allies) georgetakei: any ud builds
(01:10 / Allies) georgetakei: lol
(01:16 / Allies) georgetakei: for 2s
(01:18 / Allies) WesFSTGDB: mines kinda whacked
(01:24 / Allies) WesFSTGDB: 2 ghouls fiends
(01:45 / All) KarlH.Ungus: FUCKING GEORGETAKIE SOME NERD STAR TREK SHIT GTFO
(02:01 / All) KarlH.Ungus: GTFO
(02:03 / Allies) WesFSTGDB: kids are angry lol
(02:03 / All) KarlH.Ungus: LTFP
(02:07 / All) georgetakei: did big george
(02:10 / All) KarlH.Ungus: UMAD??!?!
(02:10 / All) georgetakei: ever rape u?
(02:12 / All) georgetakei: or something?
(02:17 / All) georgetakei: and didnt call?
(02:21 / All) KarlH.Ungus: U MAD BRO
(02:23 / All) georgetakei: im sorry if he didnt
(02:31 / All) KarlH.Ungus: UMAD?!
(02:44 / Allies) georgetakei: angry little buggers
(03:01 / Allies) georgetakei: ima expo
(03:50 / All) KarlH.Ungus: UMAD>!>!?!?!?!?
(04:58 / Allies) georgetakei: lol
(06:06 / Allies) WesFSTGDB: well that was dumb fo me
(06:09 / Allies) georgetakei: tt
(06:46 / Allies) WesFSTGDB: fucking healing wards
(08:06 / Allies) georgetakei: sigh
(10:25 / All) KarlH.Ungus: STUPID FUCKS!!!!!!!!!!!
(10:27 / All) KarlH.Ungus: U MAD?
(11:08 / Allies) georgetakei: eh
(11:31 / Allies) WesFSTGDB: lol
(11:33 / Allies) WesFSTGDB: i'm done
(11:38 / Allies) WesFSTGDB: shouldn't even be playing
(11:41 / Allies) georgetakei: lol
(11:48 / Allies) georgetakei: shudnt of expod ;/
(11:53 / Allies) WesFSTGDB: first game and get these idiots
(13:12 / Allies) georgetakei: 0 wood
(13:12 / Allies) georgetakei: rfol
(13:33 / Allies) georgetakei: sad how ppl cant win
(13:36 / Allies) georgetakei: with huge advantage\
(13:43 / Allies) WesFSTGDB: pumping frost soon
(14:17 / Allies) WesFSTGDB: wal;k from behidn
(14:40 / Allies) georgetakei: ghopul
(14:50 / Allies) WesFSTGDB: sec
(15:33 / Allies) WesFSTGDB: GO
(17:17 / Allies) WesFSTGDB: frost almost out go
(17:47 / Allies) georgetakei: lol..
(18:03 / Allies) georgetakei: huda chased ud
(18:16 / Allies) WesFSTGDB: fucking dk
(18:18 / Allies) WesFSTGDB: took a year to rebuild
(18:22 / Allies) WesFSTGDB: get destroyers
(18:24 / Allies) WesFSTGDB: and it's game
(18:34 / Allies) georgetakei: trying
(19:02 / Allies) WesFSTGDB: getting a tp
(19:05 / Allies) WesFSTGDB: we meet and find expo
(19:19 / Allies) georgetakei: how we still in this..lol
(19:24 / Allies) WesFSTGDB: i have no idea lol
(19:37 / Allies) georgetakei: zzz
(19:38 / Allies) WesFSTGDB: sec i tp
(20:41 / All) georgetakei: LOL U MAD?
(21:04 / Allies) georgetakei: TPS
(21:07 / Allies) WesFSTGDB: sure
(21:08 / Allies) georgetakei: well i got 1
(21:09 / Allies) georgetakei: actually
(21:39 / Allies) georgetakei: u take
(21:50 / Allies) georgetakei: got web?
(22:02 / Allies) WesFSTGDB: yes
(22:05 / Allies) georgetakei: k
(22:55 / Allies) WesFSTGDB: we fight at the orc base
(23:35 / Allies) WesFSTGDB: lmao
(23:37 / Allies) WesFSTGDB: a replay to save for sure
(23:39 / Allies) georgetakei: newbs
(23:46 / Allies) WesFSTGDB: i was about to leave too
(23:50 / Allies) georgetakei: rofl
(23:55 / Allies) georgetakei: ;p
(24:38 / Allies) WesFSTGDB: come
(24:40 / Allies) WesFSTGDB: we fightt on the hilll
(24:41 / Allies) WesFSTGDB: come now
(24:45 / Allies) georgetakei: k
(25:18 / All) georgetakei: MANDINGO
(25:34 / Allies) georgetakei: DIDNT even lol
(25:35 / Allies) WesFSTGDB: lmao